Map: Oxide LE

Players

Neeb - Winner!

  • Race: Protoss Protoss

TriGGeR

  • Race: Protoss Protoss

Event: DreamHack SC2 Masters 2021 Winter

VOD

Have the link to the VOD?

Description

Time

  • Played on: Oct. 14, 2021, 4:15 p.m.
  • Length: 10:36

All games in this series

Show
View Real Time Build Order
Export as new Build Order

Neeb Protoss - Winner!

Build Orders: Oracle Opening, Phoenix Opening 

Get SALT Encoding   

  12  0:00  Probe  
  13  0:12  Probe  
  14  0:19  Pylon  
  14  0:24  Probe  
  15  0:37  Probe (Chrono Boost)  
  15  0:38  Gateway  
  16  0:46  Probe (Chrono Boost)  
  16  0:47  Assimilator  
  17  0:51  Probe (Chrono Boost)  
  18  1:03  Probe (Chrono Boost)  
  19  1:15  Assimilator, Probe (Chrono Boost)  
  19  1:16  Pylon  
  20  1:24  Probe (Chrono Boost)  
  21  1:27  Cybernetics Core  
  21  1:30  Probe  
  22  1:34  Zealot  
  24  1:42  Probe  
  26  1:54  Probe  
  26  2:06  Probe  
  26  2:07  Stargate  
  27  2:18  Stalker  
  27  2:20  Probe  
  27  2:22  Pylon  
  30  2:24  Pylon  
  30  2:31  Warp Gate  
  30  2:32  Probe  
  31  2:44  Shield Battery  
  31  2:45  Probe  
  31  2:49  Oracle (Chrono Boost)  
  34  2:58  Probe  
  36  3:04  Stalker  
  38  3:11  Pylon  
  38  3:15  Probe  
  39  3:24  Nexus  
  39  3:29  Phoenix  
  39  3:30  Probe  
  41  3:42  Probe  
  42  3:54  Phoenix, Probe  
  42  3:55  Pylon  
  45  4:06  Probe  
  44  4:19  Phoenix (Chrono Boost), Probe  
  44  4:21  Twilight Council  
  47  4:31  Probe  
  48  4:33  Assimilator  
  48  4:34  Gateway  
  48  4:35  Assimilator  
  48  4:37  Probe  
  49  4:39  Phoenix (Chrono Boost)  
  49  4:43  Probe  
  52  4:49  Probe  
  53  4:55  Probe  
  54  5:00  Phoenix (Chrono Boost)  
  54  5:01  Probe  
  54  5:03  Blink (Chrono Boost)  
  57  5:07  Probe  
  57  5:11  Gateway  
  57  5:13  Probe  
  59  5:19  Probe  
  59  5:20  Stalker  
  62  5:25  Probe  
  63  5:30  Stalker  
  63  5:32  Probe  
  63  5:35  Pylon  
  66  5:39  Probe  
  67  5:43  Stalker  
  67  5:46  Gateway  
  67  5:48  Forge  
  69  5:51  Probe  
  69  5:53  Probe  
  71  6:06  Stalker x2  
  71  6:08  Stalker  
  77  6:13  Protoss Ground Weapons Level 1 (Chrono Boost)  
  77  6:33  Pylon  
  77  6:36  Pylon  
  77  6:37  Nexus  
  77  6:40  Gateway  
  77  6:41  Gateway  
  77  6:42  Gateway  
  77  6:49  Photon Cannon, Probe  
  77  6:51  Probe  
  77  6:54  Stalker x2  
  83  6:59  Stalker  
  85  7:07  Probe  
  86  7:09  Probe  
  87  7:16  Pylon  
  87  7:19  Probe  
  87  7:21  Probe  
  87  7:22  Stalker x2  
  93  7:28  Robotics Facility  
  93  7:29  Templar Archives  
  93  7:31  Probe  
  92  7:41  Probe  
  87  7:44  Probe  
  87  7:48  Shield Battery  
  87  7:50  Assimilator, Charge  
  88  7:51  Gateway  
  88  7:53  Probe  
  88  7:54  Assimilator, Probe  
  88  7:55  Gateway  
  88  7:57  Sentry x2  
  94  7:59  Probe  
  94  8:03  Protoss Ground Weapons Level 2 (Chrono Boost)  
  94  8:05  Zealot x3  
  101  8:16  Zealot x2  
  105  8:22  Immortal (Chrono Boost)  
  105  8:25  Probe  
  105  8:26  Probe x2  
  112  8:41  Pylon x2  
  112  8:43  Pylon x3  
  112  8:52  High Templar x2  
  112  8:55  Observer (Chrono Boost)  
  116  8:58  Archon  
  116  8:59  High Templar x2  
  116  9:00  High Templar x2  
  116  9:01  Zealot  
  116  9:02  Zealot x2  
  131  9:05  Archon, Pylon  
  131  9:06  Archon  
  131  9:14  Immortal  
  135  9:25  Zealot x3  
  135  9:26  Zealot x2  
  139  9:37  Zealot x4  
  137  9:51  High Templar  
  137  9:52  High Templar x3  
  142  9:53  Zealot  
  142  9:55  Photon Cannon  
  142  9:56  Archon x2  
  142  9:58  Nexus  
  142  9:59  Warp Prism  
  144  10:04  High Templar x2  
  144  10:05  Zealot  
  152  10:08  Archon  
  152  10:16  Pylon  
  152  10:20  Zealot x2  
  142  10:31  Zealot x5  
Show
View Real Time Build Order
Export as new Build Order

TriGGeR Protoss 

Build Orders: Phoenix Opening 

Get SALT Encoding   

  12  0:00  Probe  
  13  0:12  Probe  
  14  0:17  Pylon  
  14  0:24  Probe (Chrono Boost)  
  16  0:36  Probe (Chrono Boost)  
  16  0:37  Gateway  
  16  0:43  Probe (Chrono Boost)  
  16  0:46  Assimilator  
  17  0:51  Probe  
  18  1:03  Probe (Chrono Boost)  
  19  1:05  Assimilator  
  19  1:12  Gateway  
  19  1:13  Probe (Chrono Boost)  
  19  1:18  Probe (Chrono Boost)  
  21  1:29  Cybernetics Core, Probe  
  22  1:35  Pylon  
  22  1:41  Probe  
  22  1:45  Pylon  
  23  1:53  Probe  
  24  2:04  Stalker  
  24  2:05  Stalker  
  24  2:07  Warp Gate  
  28  2:17  Probe  
  28  2:21  Cybernetics Core  
  29  2:26  Pylon  
  29  2:37  Stargate  
  29  2:43  Probe  
  29  3:07  Nexus  
  29  3:17  Shield Battery  
  29  3:19  Phoenix (Chrono Boost)  
  29  3:25  Probe  
  32  3:35  Phoenix (Chrono Boost)  
  32  3:38  Probe  
  32  3:50  Probe (Chrono Boost)  
  33  3:57  Stalker  
  33  3:58  Stalker  
  33  4:02  Probe (Chrono Boost)  
  38  4:05  Pylon  
  38  4:07  Probe (Chrono Boost)  
  39  4:19  Probe (Chrono Boost)  
  39  4:22  Probe (Chrono Boost)  
  41  4:24  Twilight Council  
  42  4:31  Probe (Chrono Boost)  
  42  4:34  Probe (Chrono Boost)  
  44  4:40  Probe (Chrono Boost)  
  44  4:42  Probe (Chrono Boost)  
  45  4:46  Probe (Chrono Boost)  
  45  4:47  Stalker  
  45  4:49  Stalker  
  45  4:50  Probe  
  51  4:56  Blink (Chrono Boost)  
  51  5:00  Shield Battery  
  51  5:05  Probe  
  51  5:06  Probe  
  53  5:14  Stalker  
  55  5:17  Probe  
  55  5:20  Stalker  
  56  5:23  Probe  
  56  5:26  Assimilator  
  55  5:32  Probe  
  56  5:37  Robotics Facility  
  56  5:43  Nexus  
  56  5:48  Pylon  
  56  5:49  Probe  
  57  5:50  Probe  
  57  5:54  Stalker  
  60  5:58  Stalker  
  62  6:07  Shield Battery  
  62  6:09  Probe  
  63  6:14  Probe  
  58  6:22  Probe  
  58  6:23  Stalker x2  
  63  6:26  Observer  
  63  6:27  Probe  
  64  6:34  Gateway, Probe (Chrono Boost)  
  64  6:36  Gateway  
  66  6:45  Probe (Chrono Boost)  
  66  6:46  Stalker  
  69  6:47  Probe (Chrono Boost)  
  69  6:50  Pylon  
  69  6:52  Probe (Chrono Boost)  
  70  6:55  Stalker  
  70  6:57  Observer  
  70  6:58  Probe (Chrono Boost)  
  74  7:04  Probe (Chrono Boost)  
  74  7:10  Probe (Chrono Boost)  
  74  7:12  Stalker  
  74  7:15  Probe (Chrono Boost)  
  73  7:18  Stalker, Probe (Chrono Boost)  
  73  7:20  Probe  
  73  7:22  Charge  
  77  7:25  Gateway  
  77  7:27  Gateway  
  77  7:30  Stalker  
  77  7:36  Stalker x2  
  76  7:47  Stalker, Probe (Chrono Boost)  
  76  7:49  Probe (Chrono Boost)  
  80  7:55  Probe (Chrono Boost)  
  80  7:57  Gateway  
  82  7:59  Probe (Chrono Boost)  
  82  8:01  Gateway, Probe (Chrono Boost)  
  82  8:10  Warp Prism (Chrono Boost)  
  82  8:11  Probe, Templar Archives  
  83  8:19  Pylon  
  85  8:24  Zealot x3  
  91  8:28  Zealot  
  91  8:32  Pylon  
  93  8:36  Pylon  
  93  8:38  Probe  
  94  8:46  Zealot x3  
  100  8:49  Observer  
  100  8:51  Pylon, High Templar x2  
  100  8:53  Pylon  
  104  8:56  Archon  
  104  8:58  Zealot x3  
  110  9:04  Forge  
  110  9:07  Pylon  
  110  9:13  High Templar x2  
  110  9:14  Zealot  
  116  9:17  Archon  
  116  9:19  Zealot x3  
  122  9:24  Zealot  
  112  9:34  Zealot x2  
  97  9:42  Zealot x3  
  97  9:44  Assimilator  
  90  9:50  Probe x3  
  90  9:51  Assimilator  
  87  9:56  Zealot x5  
  97  10:09  High Templar x2  
  97  10:10  Zealot, Assimilator, Shield Battery  
  103  10:14  Archon  
  103  10:17  Zealot x5  
  103  10:21  Photon Cannon  
  103  10:26  Zealot  

Tags
 
Add a new tag
Caveats
  • Supply blocks, unpowered buildings, or Contaminate may cause inaccurate times.
  • Supply counts are checked every 10 seconds.